 Dungeon Crawl Stone Soup version 0.29.1-13-g9f3cf754e1 (webtiles) character file.

Game seed: 18125189380311535700

198 GigaChad the Chopper (level 5, -11/47 HPs)
             Began as a Minotaur Fighter on Jan 20, 2023.
             Was an Initiate of Hepliaklqana.
             Killed by divine providence
             ... invoked by an orc priest
              (15 damage)
             ... on level 4 of the Dungeon.
             The game lasted 00:03:13 (2390 turns).

GigaChad the Chopper (Minotaur Fighter)             Turns: 2390, Time: 00:03:13

Health: -11/47     AC:  8    Str: 23    XL:     5   Next: 47%
Magic:  4/4        EV:  9    Int:  5    God:    Hepliaklqana [......]
Gold:   211        SH:  0    Dex:  9    Spells: 4/4 levels left

rFire   . . .      SeeInvis .   a - +0 war axe
rCold   . . .      Faith    .   c - +0 buckler
rNeg    . . .      Spirit   .   b - +0 scale mail
rPois   .          Reflect  .   (helmet restricted)
rElec   .          Harm     .   i - +0 cloak
rCorr   .          Rampage  .   (no gloves)
Will    .....                   (no boots)
Stlth   ..........              g - amulet of the acrobat
HPRegen 0.15/turn               (no ring)
MPRegen 0.09/turn               (no ring)

@: confused
A: horns 2, retaliatory headbutt
a: Renounce Religion


You were on level 4 of the Dungeon.
You worshipped Hepliaklqana.
Hepliaklqana was noncommittal.
You visited 2 branches of the dungeon, and saw 5 of its levels.

You collected 211 gold pieces.

Inventory:

Hand Weapons
 a - a +0 war axe (weapon)
Armour
 b - a +0 scale mail (worn)
 c - a +0 buckler (worn)
 i - a +0 cloak (worn)
Jewellery
 g - an amulet of the acrobat (around neck)
 w - a +6 ring of strength
 y - an amulet of guardian spirit
Scrolls
 e - a scroll of fog {unknown}
 f - a scroll of immolation {unknown}
 h - a scroll of summoning {unknown}
 j - 3 scrolls of fear {unknown}
 k - a scroll of brand weapon {unknown}
 l - 6 scrolls of blinking {unknown}
 m - 2 scrolls of noise {unknown}
 p - a scroll of enchant weapon {unknown}
 q - 5 scrolls of identify {unknown}
 v - a scroll of enchant armour {unknown}
 x - 2 scrolls of vulnerability {unknown}
Potions
 d - 3 potions of might
 n - a potion of curing {unknown}
 o - a potion of flight {unknown}
 r - a potion of heal wounds {unknown}
 s - a potion of resistance {unknown}
 t - a potion of brilliance {unknown}
 u - a potion of invisibility {unknown}


   Skills:
 + Level 4.4 Fighting
 + Level 4.9 Axes
 + Level 4.7 Armour
 + Level 0.5 Dodging
 + Level 4.5 Shields


You had 4 spell levels left.
You didn't know any spells.
Your spell library contained the following spells:

 Spells                   Type           Power      Damage    Failure   Level
 Slow                     Hex            0%         N/A       86%         1
 Poisonous Vapours        Pois/Air       0%         N/A       94%         2
 Confusing Touch          Hex            0%         N/A       99%         3
 Vampiric Draining        Necr           0%         2d6       99%         3
 Corpse Rot               Necr/Pois/Air  0%         N/A       100%        4


Dungeon Overview and Level Annotations

Branches:
Dungeon (4/15)             Temple (1/1) D:4

Altars:
Ashenzari
Cheibriados
Elyvilon
Fedhas
Gozag
Hepliaklqana
Kikubaaqudgha
Nemelex Xobeh
Okawaru
Qazlal
Ru
Trog
Uskayaw
Vehumet
Xom
Yredelemnul
The Shining One

Shops:
D:3 !


Innate Abilities, Weirdness & Mutations

You have a pair of horns on your head.
You reflexively headbutt those who attack you in melee.


Message History

You furiously retaliate!
You headbutt the ball python!
You kill the ball python!
Something hits you but does no damage.
You miss something. Your headbutt misses something.
Something hits you but does no damage.
You closely miss something. Something completely misses you.
You closely miss something. Something hits you but does no damage.
You miss something. Your headbutt misses something.
You block something's attack.
You hear some strange, mumbled words.
Something tries to affect you, but you resist.
You miss something. Your headbutt misses something. Something hits you.
You barely miss something. Something hits you but does no damage.
The orc priest calls down the wrath of Beogh upon you.
Beogh smites you!
You hear a shout!
You barely miss something. Something hits you but does no damage.
You miss something. Something hits you but does no damage. Something hits you.
The iguana hisses menacingly.
You slash something! Your headbutt misses something.
The orc priest mumbles some strange prayers to Beogh against you.
Beogh smites you!
* * * LOW HITPOINT WARNING * * *
Something hits you.
* * * LOW HITPOINT WARNING * * *
You miss something. Something hits you but does no damage.
You completely miss something.
You hear some strange, mumbled words.
You are confused.
You hear some strange, mumbled words.
A puff of flame appears from out of thin air!
The puff of flame misses you.
You bump into the tree.
Something hits you but does no damage.
You bump into the tree.
You hear some strange, mumbled words.
Something tries to affect you, but you resist.
You miss something. Your headbutt misses something.
The orc priest invokes the aid of Beogh against you.
Beogh smites you!
You die...

>...#.#.....#
......#.....#
....#.#.....# ##
..........### .
#.#.#.#>..# o♣♣♣♣♣♣♣♣
......#...#####♣o.≈≈≈≈≈.
###...#........♣l≈.....≈
...............♣{≈.≈≈≈.≈
...(...........♣@≈≈...≈≈
...............♣.≈≈._.≈≈
.......#..#..##♣.≈≈...≈≈
###.#####...###♣.≈.≈≈≈.≈
#......>....#♣.≈.....≈
#.#########..♣..≈≈≈≈≈.
#.# ##..♣♣♣♣♣♣♣♣ ###.#
#### ....#


You could see an iguana, an orc priest and an orc.

Vanquished Creatures
  A scorpion (D:4)
  A hound (D:3)
  3 adders (D:3)
  3 gnolls (D:3)
  2 worms (D:3)
  A dart slug (D:3)
  4 orcs (D:3)
  4 endoplasms
  A giant cockroach (D:1)
  4 goblins
  3 hobgoblins (D:1)
  A quokka (D:3)
  3 ball pythons
  5 bats
  4 frilled lizards
  4 kobolds
  5 rats
49 creatures vanquished.

Notes
Turn   | Place    | Note
-------+----------+-------------------------------------------
     0 | D:1      | GigaChad the Minotaur Fighter began the quest for the Orb.
     0 | D:1      | Reached XP level 1. HP: 19/19 MP: 0/0
   225 | D:1      | Reached XP level 2. HP: 25/27 MP: 1/1
   533 | D:1      | Found a faded altar of an unknown god.
   749 | D:2      | Found an opulent altar of Gozag.
   965 | D:3      | Reached XP level 3. HP: 33/33 MP: 2/2
  1155 | D:3      | Reached XP level 4. HP: 31/40 MP: 3/3
  1720 | D:3      | Found Loazuoze's Distillery.
  1784 | D:3      | Reached XP level 5. HP: 46/46 MP: 4/4
  1967 | D:4      | Found a staircase to the Ecumenical Temple.
  1996 | Temple   | Entered the Ecumenical Temple
  2276 | Temple   | Became a worshipper of Hepliaklqana the Forgotten
  2360 | D:4      | Found a broken altar of Ashenzari.
  2390 | D:4      | Killed from afar by an orc priest

Illustrated notes

Levels and vault maps discovered:
D:1:      dpeg_arrival_radiant, layout_rooms,
          dreamdust_ecumenical_altar_hidden_monk_grotto,
          minmay_tree_intersection
D:2:      layout_basic, basic_altar
D:3:      layout_basic, serial_shops, nicolae_diamond_shop,
          wander_ebering_terrifying_dragon_lair
D:4:      layout_basic, mainiacjoe_overflow_paths, minmay_temple_entry_glass,
          kennysheep_generic_room_15, uniq_edmund, uniq_duvessa,
          uniq_crazy_yiuf_cottage
Temple:   eino_temple_rhombus

Skill      XL: |  1  2  3  4 |
---------------+-------------+-----
Shields        | 4 |  4.5
Axes           | 3 4 |  4.9
Fighting       | 4 |  4.4
Armour         | 4 |  4.7
Dodging        | |  0.5

Action                   |  1- 3 |  4- 6 || total
-------------------------+-------+-------++-------
Melee: War axe           |    40 |    56 ||    96
       Headbutt          |     6 |     8 ||    14
Armor: Scale mail        |    16 |    36 ||    52
Dodge: Dodged            |    23 |    41 ||    64
Block: Buckler           |    11 |    13 ||    24
